 Dungeon Crawl Stone Soup version 0.25-a0-661-g55ea3d2053 (webtiles) character file.

Game seed: 9044878254511054387, levelgen mode: deterministic

5 Esekla the Stinger (level 1, 0/11 HPs)
             Began as an Octopode Venom Mage on Mar 23, 2020.
             Slain by a bat (1 damage)
             ... on level 2 of the Dungeon.
             The game lasted 00:03:18 (282 turns).

Esekla the Stinger (Octopode Venom Mage)             Turns: 282, Time: 00:03:18

Health: 0/11       AC:  1    Str:  7    XL:     1   Next: 80%
Magic:  3/3        EV: 12    Int: 17    God:
Gold:   54         SH:  5    Dex: 12    Spells: 3/4 levels left

rFire    . . .     SeeInvis .   c - +0 dagger
rCold    . . .     Gourm    .   d - +2 buckler
rNeg     . . .     Faith    .   (helmet restricted)
rPois    .         Spirit   .   (no amulet)
rElec    .         Reflect  .   (no ring)
rCorr    .         Harm     .   (no ring)
MR       .....                  (no ring)
Stlth    +++.......             (no ring)
HPRegen  0.03/turn              (no ring)
MPRegen  0.08/turn              (no ring)
                                (no ring)
                                (no ring)

@: no status effects
A: almost no armour, stealthy swim, amphibious, 8 rings, constrict 8, camouflage
1, gelatinous body 1
a: no special abilities


You were on level 2 of the Dungeon.
You were not hungry.

You visited 1 branch of the dungeon, and saw 2 of its levels.

You collected 54 gold pieces.

Inventory:

Hand Weapons
 c - a +0 dagger (weapon)
Armour
 d - a +2 buckler (worn)
Scrolls
 a - a scroll of teleportation {unknown}
 e - a scroll of magic mapping {unknown}
Comestibles
 b - 2 rations


   Skills:
 * Level 0.2 Fighting
 * Level 2.1 Dodging
 + Level 2.7 Stealth
 * Level 2.0 Spellcasting
 - Level 1.0 Transmutations
 + Level 3.8 Poison Magic


You had 3 spell levels left.
You knew the following spells:

 Your Spells              Type           Power        Failure   Level  Hunger
a - Sting                 Tmut/Pois      #...         12%         1    #......

Your spell library contained the following spells:

 Spells                   Type           Power        Failure   Level  Hunger
 Poisonous Vapours        Pois/Air       #.....       22%         2    ###....
 Ignite Poison            Fire/Tmut/Pois #.......     45%         3    ###....
 Mephitic Cloud           Conj/Pois/Air  #.......     50%         3    ###....
 Olgreb's Toxic Radiance  Pois           ##......     54%         4    #####..


Dungeon Overview and Level Annotations

Branches:
Dungeon (2/15)

Altars:
Trog


Innate Abilities, Weirdness & Mutations

You cannot wear most types of armour.
You are very stealthy in the water. (Stealth+)
You are amphibious.
You can wear up to eight rings at the same time.
You can use your tentacles to constrict eight enemies at once.
Your skin changes colour to match your surroundings (Stealth+).
Your rubbery body absorbs attacks. (AC +1, EV +1)


Message History

e - a scroll labeled AMAKOJIETH
There is a bloodstained altar of Trog here.
Things that are here:
a dagger; an animal skin
b - 2 rations (gained 1)
A bat comes into view.
Found 3 gold pieces.
You hit the worm. You grab the worm. You squeeze the worm, but do no damage.
The worm is lightly wounded.
You constrict the worm. You hit the worm but do no damage.
You squeeze the worm!
The worm is severely wounded.
You constrict the worm. The worm bites you!
Ouch! That really hurt!
* * * LOW HITPOINT WARNING * * *
You release your grip on the worm.
You block the bat's attack. The bat misses you. The bat hits you.
You die...

#....##
############.._..#
..^.....#........#
........#........#
........#......###
........#......#
........#......########
..............w........
...>......@b...........
........####.........##
........####.........#
######.................
#...###.........##
#...# #.........# #...#
#$........# ##.## #<#


You could see a worm and a bat.

Vanquished Creatures
  A giant cockroach (D:1)
  A hobgoblin (D:1)
  A frilled lizard (D:1)
  A kobold (D:1)
  2 rats
6 creatures vanquished.

Notes
Turn   | Place    | Note
-------+----------+-------------------------------------------
     0 | D:1      | Esekla the Octopode Venom Mage began the quest for the Orb.
     0 | D:1      | Reached XP level 1. HP: 11/11 MP: 3/3
   245 | D:2      | Found a bloodstained altar of Trog.
   282 | D:2      | Slain by a bat

Levels and vault maps discovered:
D:1:      heliophobic_arrival_battle_scene, layout_loops_cross,
          grunt_decor_one_mirror
D:2:      layout_basic, bloody_trog, uniq_natasha

Action                   || total
-------------------------++-------
Melee: Unarmed           ||    13
       Dagger            ||     5
       Tentacles         ||     5
       Constrict         ||     3
 Cast: Sting             ||     2
 Stab: Sleeping          ||     2
Dodge: Dodged            ||    18
Block: Buckler           ||     1

Table legend:
 A = Non-vault XP
 B = Vault XP
 C = Vault XP percentage of total XP
 D = Non-vault monster count
 E = Vault monster count
 F = Vault count percentage of total count
                 A         B        C        D         E       F
            +---------+---------+-------+---------+---------+-------
      Total |       8 |       0 |   0.0 |       6 |       0 |   0.0
            +---------+---------+-------+---------+---------+-------
        D:1 |       7 |       0 |   0.0 |       5 |       0 |   0.0
        D:2 |       1 |       0 |   0.0 |       1 |       0 |   0.0
            +---------+---------+-------+---------+---------+-------
